 Dungeon Crawl Stone Soup version 0.27-a0-1105-g946c659c87 (webtiles) character file.

Game seed: 17667950924512021621

588 funkygono the Magician (level 7, 0/46 HPs)
             Began as a Djinni Fire Elementalist on May 1, 2021.
             Slain by an orc wizard
             ... wielding a +2 dagger of venom
              (2 damage)
             ... on level 5 of the Dungeon.
             The game lasted 00:06:29 (3323 turns).

funkygono the Magician (Djinni Fire Elementalist)   Turns: 3323, Time: 00:06:29

Health: 0/46       AC:  2    Str:  7    XL:     7   Next: 38%
Gold:   122        EV: 13    Int: 19    God:
                   SH:  0    Dex: 13

rFire    + + +     SeeInvis .   g - +0 dagger (venom)
rCold    . . .     Faith    .   (no shield)
rNeg     . . .     Spirit   .   a - +0 robe
rPois    ∞         Reflect  .   (no helmet)
rElec    +         Harm     .   (no cloak)
rCorr    +         Rampage  .   (no gloves)
Will     .....                  (boots unavailable)
Stlth    +.........             (no amulet)
HPRegen  0.15/turn              (no ring)
MPRegen  0.00/turn              (no ring)

@: confused, resistant, flying, very slightly contaminated, invisible
A: fire resistance 2, cold vulnerability 1, float, innate caster, hp casting,
extra vitality 1
a: no special abilities


You were on level 5 of the Dungeon.
You visited 1 branch of the dungeon, and saw 5 of its levels.

You collected 122 gold pieces.

Inventory:

Hand Weapons
 c - a +0 dagger
 g - a +0 dagger of venom (weapon)
Missiles
 i - 49 stones
Armour
 a - a +0 robe (worn)
Jewellery
 k - a ring of ice
Wands
 j - a wand of polymorph (10)
Scrolls
 e - 2 scrolls of fear
 f - a scroll of amnesia {unknown}
Potions
 b - 3 potions of lignification
 h - a potion of resistance


   Skills:
 + Level 0.6 Fighting
 + Level 3.2 Dodging
 - Level 1.5 Stealth
 + Level 6.7 Spellcasting


You couldn't memorise any spells.
You knew the following spells:

 Your Spells              Type           Power      Damage    Failure   Level
a - Foxfire               Conj/Fire      100%       2x1d9     1%          1
b - Conjure Flame         Conj/Fire      31%        6-21      1%          3
c - Inner Flame           Hex/Fire       31%        N/A       1%          3
d - Sticky Flame          Conj/Fire      31%        2d5       7%          4
e - Fireball              Conj/Fire      15%        3d8       19%         5
f - Shock                 Conj/Air       100%       1d9       1%          1
g - Wereblood             Tmut           31%        N/A       1%          2
h - Teleport Other        Tloc           31%        N/A       1%          3
Your spell library was empty.

Dungeon Overview and Level Annotations

Branches:
Dungeon (6/15)
 Temple: D:4-7

Altars:
Dithmenos
Sif Muna
Uskayaw

Annotations:
D:5 Edmund, Sigmund


Innate Abilities, Weirdness & Mutations

You are immune to poison.
Your flesh is very heat resistant. (rF++)
You are vulnerable to cold. (rC-)
You float through the air rather than walking.
You learn spells naturally, not from books.
Your magical power is your life essence.
You have superior vitality. (+4 HP)


Message History

Casting: Sticky Flame (dangerous; 7% risk of failure)
Confirm with . or Enter, or press ? or * to list all spells.
Aiming: Sticky Flame (dangerous; 7% risk of failure)
Press: ? - help, Shift-Dir - straight line, f - orc wizard
Aim: an orc wizard, wielding a +2 dagger of venom and wearing a +0 robe (severely wounded, 100% to hit)
You miscast Sticky Flame.
You are very lightly contaminated with residual magic.
Sparks fly from your hands.
The orc priest burns!
The orc wizard casts a spell at you. The magic dart hits you.
* * * LOW HITPOINT WARNING * * *
The orc priest hits you but does no damage.
You barely miss the orc priest.
The orc priest is severely wounded.
The orc priest burns!
The orc priest stops burning.
The orc wizard misses you. The orc priest completely misses you.
You completely miss the orc priest.
The orc priest is almost dead.
The orc wizard gestures at you while chanting.
You are confused.
The orc priest invokes the aid of Beogh against you.
Pain shoots through your body!
* * * LOW HITPOINT WARNING * * *
It was a potion of resistance.
You feel protected.
The orc wizard hits you with a +2 dagger of venom.
* * * LOW HITPOINT WARNING * * *
The orc priest closely misses you.
You're too confused to cast spells.
Unknown command.
You bump into the metal wall.
The orc wizard gestures at itself while chanting.
The orc wizard flickers and vanishes!
Deactivating autopickup; reactivate with Ctrl-A.
The orc priest begins to cast a cantrip, but forgets the words!
Unknown command.
It was a potion of invisibility.
You fade into invisibility!
Something hits you.
You die...

.<# #!# #.#
#.# #)# #)#
#.#
########o#
#......{@#
#.########
#.# #.# #.#
#.# #.#
##### #.#
#...#####.#


You could see an orc priest.

Vanquished Creatures
  An orc warrior (D:6)
  2 ogres (D:6)
  A wyvern zombie (D:6)
  An orc priest (D:6)
  Jessica (D:2)
  Natasha (thrice) (D:2)
  An orc wizard (D:5)
  2 adders
  A worm (D:3)
  2 dart slugs (D:1)
  7 orcs
  5 ball pythons
  5 endoplasms
  A giant cockroach (D:1)
  2 goblins (D:1)
  3 hobgoblins
  14 jackals
  3 quokkas
  10 bats
  3 frilled lizards
  10 kobolds
  3 rats (D:2)
81 creatures vanquished.

Vanquished Creatures (collateral kills)
  5 foxfires
5 creatures vanquished.

Vanquished Creatures (others)
  272 foxfires
  3 plants (D:2)
275 creatures vanquished.

Grand Total: 361 creatures vanquished

Notes
Turn   | Place    | Note
-------+----------+-------------------------------------------
     0 | D:1      | funkygono the Djinni Fire Elementalist began the quest for
                  | the Orb.
     0 | D:1      | Reached XP level 1. HP: 15/15 MP: 0/0
   206 | D:1      | Reached skill level 3 in Spellcasting
   285 | D:1      | Reached XP level 2. HP: 17/21 MP: 0/0
   580 | D:1      | Reached XP level 3. HP: 14/25 MP: 0/0
   580 | D:1      | Learned a level 1 spell: Shock
  1471 | D:2      | Noticed Jessica
  1473 | D:2      | Killed Jessica
  1474 | D:2      | Reached skill level 4 in Spellcasting
  1474 | D:2      | Reached XP level 4. HP: 29/31 MP: 0/0
  1716 | D:2      | Noticed Natasha
  1721 | D:2      | Killed Natasha
  1810 | D:2      | Noticed Natasha
  1814 | D:2      | Killed Natasha
  1815 | D:2      | Reached XP level 5. HP: 28/35 MP: 0/0
  1815 | D:2      | Learned a level 2 spell: Wereblood
  2033 | D:2      | Found a faded altar of an unknown god.
  2302 | D:2      | Noticed Natasha
  2307 | D:2      | Killed Natasha
  2368 | D:2      | Reached skill level 5 in Spellcasting
  2713 | D:3      | You are sucked into a shaft and drop 3 floors!
  2727 | D:6      | Reached XP level 6. HP: 36/40 MP: 0/0
  2914 | D:6      | Noticed an orc warrior
  2925 | D:6      | Killed an orc warrior
  2926 | D:6      | Reached skill level 6 in Spellcasting
  3005 | D:6      | Reached XP level 7. HP: 41/46 MP: 0/0
  3005 | D:6      | Learned a level 3 spell: Teleport Other
  3108 | D:6      | Found a hide-covered altar of Uskayaw.
  3110 | D:6      | Found a shadowy altar of Dithmenos.
  3131 | D:5      | Entered Level 5 of the Dungeon
  3131 | D:5      | Noticed Sigmund
  3131 | D:5      | Noticed Edmund
  3321 | D:5      | HP: 2/46 [orc wizard/+2 dagger of venom (2)]
  3323 | D:5      | Slain by an orc wizard

Illustrated notes

Levels and vault maps discovered:
D:1:      eino_arrival_druids_welcome, layout_basic
D:2:      layout_rooms, chequers_ecumenical_altar_lobes, uniq_natasha,
          uniq_jessica
D:3:      layout_rooms
D:5:      layout_loops_ring, minmay_temple_entry_proselytizer,
          eino_tiny_chamber, uniq_sigmund, uniq_edmund
D:6:      layout_basic, grunt_temple_overflow_open

Skill      XL: |  1  2  3  4  5  6 |
---------------+-------------------+-----
Spellcasting   | 3 4 5 6 |  6.7
Dodging        | 3 |  3.2
Fighting       | |  0.6
Stealth        | |  1.5

Action                   |  1- 3 |  4- 6 |  7- 9 || total
-------------------------+-------+-------+-------++-------
Melee: Dagger            |       |       |     2 ||     2
 Cast: Foxfire           |    67 |    90 |    12 ||   169
       Wereblood         |       |     1 |       ||     1
       Sticky Flame      |       |     1 |     2 ||     3
  Use: Scroll            |     2 |     2 |       ||     4
       Potion            |       |       |     2 ||     2
Armor: Robe              |     3 |     1 |     1 ||     5
Dodge: Dodged            |     6 |    16 |     5 ||    27

Table legend: (Time is in decaauts)
 A = Elapsed time spent in this place.
 B = Non-inter-level travel time spent in this place.
 C = Inter-level travel time spent in this place.
 D = Time resting spent in this place.
 E = Time spent auto-exploring this place.
 F = Levels seen in this place.
 G = Mean time per level.
                   A        B        C        D        E       F      G
               +--------+--------+--------+--------+--------+-----+--------+
         Total |   3322 |   3300 |     22 |     53 |   2684 |   5 |  664.4 |
       Dungeon |   3322 |   3300 |     22 |     53 |   2684 |   5 |  664.4 |
               +--------+--------+--------+--------+--------+-----+--------+

Top non-repeatable levels by time:
     D:1: 1342 daAuts
     D:2: 1215 daAuts
     D:6: 466 daAuts
     D:3: 153 daAuts
     D:5: 144 daAuts
